Hurricanes vs Avalanche

Created - December 6 2006 at 19:47

Goals
1 2 3 T
Hurricanes 3 1 0 4
Avalanche 1 0 1 2
Shots
1 2 3 T
Hurricanes 21 17 14 52
Avalanche 10 11 18 39

Period #1

1. Hurricanes , Eric Staal 2 (Frantisek Kaberle) at 4:44
2. Hurricanes , Justin Williams 2 (Rod Brind'Amour, Bret Hedican) at 7:48
3. Hurricanes , Justin Williams 3 (Rod Brind'Amour, David Tanabe) at 8:42
4. Avalanche , Andrew Brunette 6 (Ian Laperriere, Ossi Vaananen) at 13:05

Penalities :
Bret Hedican (CAR) for High sticking (Minor) at 0:57, John-Michael Liles (COL) for Tripping (Minor) at 10:39, Scott Walker (CAR) for Charging (Minor) at 13:20

Period #2

5. Hurricanes , Erik Cole 2 (Eric Staal, Cory Stillman) at 1:48 (PP)

Penalities :
Alexei Zhitnik (COL) for High sticking (Minor) at 0:05, John-Michael Liles (COL) for Charging (Minor) at 9:56, Rod Brind'Amour (CAR) for Roughing (Minor) at 9:56, Tim Gleason (CAR) for Cross-checking (Minor) at 13:33, John-Michael Liles (COL) for Cross-checking (Minor) at 15:31, Jeff Halpern (CAR) for Roughing (Minor) at 17:53

Period #3

6. Avalanche , Ian Laperriere 1 (Andrew Brunette, Pierre Turgeon) at 16:32

Penalities :
Cam Ward (CAR) for Slashing (Minor) at 0:36 - Frantisek Kaberle served the penalty., Erik Cole (CAR) for Cross-checking (Minor) at 5:32, Tim Gleason (CAR) for Cross-checking (Minor) at 10:55, Ian Laperriere (COL) for Tripping (Minor) at 17:04, Brent Sopel (CAR) for Delaying the game (Minor) at 17:04

Goalie Stats

Cam Ward (CAR), 37 saves from 39 shots - (0.949), W, 2-0-1, 60:00 minutes
Peter Budaj (COL), 48 saves from 52 shots - (0.923), L, 0-4-0, 60:00 minutes

Players Stats

Hurricanes
Player Name              G  A  P  +/- PIM S  H  SB FO MP 
-----------------------------------------------------------
Brent Sopel              0  0  0  -1  2   2  0  2  0  22 
Bret Hedican             0  1  1   2  2   0  0  2  0  20 
Cory Stillman            0  1  1  -1  0   2  0  2  2  17 
David Tanabe             0  1  1   2  0   2  0  4  0  21 
Eric Belanger            0  0  0   0  0   0  0  0  4  3  
Eric Staal               1  1  2  -1  0   8  0  0  26 17 
Erik Cole                1  0  1  -1  2   9  0  1  1  15 
Frantisek Kaberle        0  1  1  -1  0   2  0  1  0  25 
Glen Wesley              0  0  0   0  0   1  0  1  0  20 
Jeff Halpern             0  0  0   0  2   5  0  0  23 20 
Justin Williams          2  0  2   2  0   6  1  0  2  17 
Martin Havlat            0  0  0   2  0   5  0  1  2  17 
Mike Commodore           0  0  0   0  0   0  0  0  0  0  
Ray Whitney              0  0  0   0  0   4  1  0  1  20 
Rod Brind'Amour          0  2  2   2  2   4  0  0  38 23 
Scott Walker             0  0  0   0  2   2  0  0  0  15 
Shawn Bates              0  0  0   0  0   0  0  3  1  10 
Tim Gleason              0  0  0   0  4   0  1  1  0  17 
Avalanche
Player Name              G  A  P  +/- PIM S  H  SB FO MP 
-----------------------------------------------------------
Alexander Frolov         0  0  0  -1  0   3  0  0  3  9  
Alexei Zhitnik           0  0  0   0  2   0  1  5  0  25 
Andrew Brunette          1  1  2   0  0   7  0  1  2  17 
Brett McLean             0  0  0   0  0   2  0  0  9  9  
Ian Laperriere           1  1  2   0  2   4  1  1  0  15 
Joe Sakic                0  0  0   0  0   1  0  2  32 22 
John-Michael Liles       0  0  0  -1  6   1  1  1  0  18 
Jordan Leopold           0  0  0   0  0   1  1  2  0  23 
Karlis Skrastins         0  0  0  -1  0   0  1  2  0  24 
Ken Klee                 0  0  0   0  0   0  0  3  0  20 
Marek Svatos             0  0  0   0  0   3  0  0  0  18 
Mike York                0  0  0   0  0   3  0  0  4  20 
Milan Hejduk             0  0  0  -1  0   4  2  0  3  20 
Ossi Vaananen            0  1  1   0  0   0  0  2  0  15 
Pierre Turgeon           0  1  1   0  0   4  0  0  24 15 
Steve Konowalchuk        0  0  0   0  0   0  0  0  0  8  
Tyler Arnason            0  0  0  -1  0   4  0  0  21 15 
Wojtek Wolski            0  0  0   0  0   2  0  0  2  13 

3 Stars

1 - Justin Williams (CAR)
2 - Cam Ward (CAR)
3 - Peter Budaj (COL)

Power Play

Hurricanes - 1 on 3 Attempt(s) - 33.33%
Avalanche - 0 on 6 Attempt(s) - 0.00%

Penalty Kill

Hurricanes - 6 on 6 Attempt(s) - 100.00% - Score 0 goal in Penalty Kill
Avalanche - 2 on 3 Attempt(s) - 66.67% - Score 0 goal in Penalty Kill

Game Notes

No Game Note

Finance

Level 1 -- Attendance: 5343 (89.05%) -- Ticket Income $534,300.00
Level 2 -- Attendance: 4005 (80.09%) -- Ticket Income $240,300.00
Level 3 -- Attendance: 1494 (74.42%) -- Ticket Income $52,290.00
Level 4 -- Attendance: 3158 (78.96%) -- Ticket Income $63,160.00
Luxury Box -- Attendance: 622 (62.23%) -- Ticket Income $124,400.00
Game was played at the Pepsi Center
Total Attendance: 14622 (81.20%)
Total Ticket Income: $1,112,838.00
Other Expense: $90,768.80
Total Income: $1,022,069.00


Play by Play

Period #1

0:01 of 1st period - Eric Staal wins face-off versus Mike York in neutral zone.
0:20 of 1st period - Shot by Erik Cole.
0:20 of 1st period - Stopped by Peter Budaj with a rebound.
0:21 of 1st period - Shot by Brent Sopel.
0:21 of 1st period - Shot Blocked by Jordan Leopold.
0:24 of 1st period - Shot by Eric Staal.
0:24 of 1st period - Shot Misses the Net.
0:43 of 1st period - Shot by Eric Staal.
0:43 of 1st period - Shot Misses the Net.
0:46 of 1st period - Shot by Erik Cole.
0:46 of 1st period - Shot Misses the Net.
0:49 of 1st period - Shot by Eric Staal.
0:49 of 1st period - Shot Misses the Net.
0:57 of 1st period - Minor Penalty to Bret Hedican for High sticking.
0:58 of 1st period - Rod Brind'Amour wins face-off versus Milan Hejduk in Hurricanes zone.
1:04 of 1st period - Icing by Milan Hejduk.
1:05 of 1st period - Jeff Halpern wins face-off versus Alexander Frolov in Avalanche zone.
1:06 of 1st period - Shot by Ray Whitney.
1:06 of 1st period - Stopped by Peter Budaj without a rebound.
1:07 of 1st period - Rod Brind'Amour wins face-off versus Joe Sakic in Avalanche zone.
1:30 of 1st period - Shot by Milan Hejduk.
1:30 of 1st period - Shot Misses the Net.
1:58 of 1st period - Icing by Karlis Skrastins.
1:59 of 1st period - Rod Brind'Amour wins face-off versus Tyler Arnason in Avalanche zone.
2:39 of 1st period - Off-side.
2:40 of 1st period - Rod Brind'Amour wins face-off versus Milan Hejduk in neutral zone.
3:19 of 1st period - Shot by Pierre Turgeon.
3:19 of 1st period - Shot Misses the Net.
3:20 of 1st period - Shot by Pierre Turgeon.
3:20 of 1st period - Stopped by Cam Ward without a rebound.
3:21 of 1st period - Jeff Halpern wins face-off versus Brett McLean in Hurricanes zone.
4:20 of 1st period - Shot by Cory Stillman.
4:20 of 1st period - Stopped by Peter Budaj without a rebound.
4:21 of 1st period - Rod Brind'Amour wins face-off versus Pierre Turgeon in Avalanche zone.
4:25 of 1st period - Icing by Ken Klee.
4:26 of 1st period - Martin Havlat wins face-off versus Pierre Turgeon in Avalanche zone.
4:33 of 1st period - Shot by Martin Havlat.
4:33 of 1st period - Stopped by Peter Budaj without a rebound.
4:34 of 1st period - Eric Staal wins face-off versus Tyler Arnason in Avalanche zone.
4:39 of 1st period - Shot by Erik Cole.
4:39 of 1st period - Shot Blocked by John-Michael Liles.
4:44 of 1st period - Shot by Eric Staal.
4:44 of 1st period - Goal by Eric Staal.
4:45 of 1st period - Pierre Turgeon wins face-off versus Rod Brind'Amour in neutral zone.
5:45 of 1st period - Icing by Bret Hedican.
5:46 of 1st period - Joe Sakic wins face-off versus Rod Brind'Amour in Hurricanes zone.
5:57 of 1st period - Shot by Joe Sakic.
5:57 of 1st period - Stopped by Cam Ward without a rebound.
5:58 of 1st period - Tyler Arnason wins face-off versus Eric Staal in Hurricanes zone.
5:59 of 1st period - Shot by Alexander Frolov.
5:59 of 1st period - Stopped by Cam Ward without a rebound.
6:00 of 1st period - Eric Staal wins face-off versus Tyler Arnason in Hurricanes zone.
6:06 of 1st period - Eric Staal is hit by John-Michael Liles and loses puck.
6:27 of 1st period - Eric Staal is hit by Milan Hejduk and loses puck.
6:50 of 1st period - Erik Cole is hit by Karlis Skrastins and loses puck.
7:20 of 1st period - Shot by Ray Whitney.
7:20 of 1st period - Shot Misses the Net.
7:21 of 1st period - Shot by Glen Wesley.
7:21 of 1st period - Shot Misses the Net.
7:24 of 1st period - Shot by Ray Whitney.
7:24 of 1st period - Stopped by Peter Budaj without a rebound.
7:25 of 1st period - Pierre Turgeon wins face-off versus Rod Brind'Amour in Avalanche zone.
7:27 of 1st period - Icing by Ian Laperriere.
7:28 of 1st period - Justin Williams wins face-off versus Pierre Turgeon in Avalanche zone.
7:41 of 1st period - Shot by Martin Havlat.
7:41 of 1st period - Stopped by Peter Budaj with a rebound.
7:44 of 1st period - Shot by Rod Brind'Amour.
7:44 of 1st period - Shot Misses the Net.
7:47 of 1st period - Shot by Rod Brind'Amour.
7:47 of 1st period - Shot Misses the Net.
7:48 of 1st period - Shot by Justin Williams.
7:48 of 1st period - Goal by Justin Williams.
7:49 of 1st period - Jeff Halpern wins face-off versus Joe Sakic in neutral zone.
8:13 of 1st period - Icing by Alexei Zhitnik.
8:14 of 1st period - Cory Stillman wins face-off versus Joe Sakic in Avalanche zone.
8:27 of 1st period - Shot by Eric Staal.
8:27 of 1st period - Shot Blocked by Alexei Zhitnik.
8:28 of 1st period - Shot by Frantisek Kaberle.
8:28 of 1st period - Stopped by Peter Budaj without a rebound.
8:29 of 1st period - Pierre Turgeon wins face-off versus Justin Williams in Avalanche zone.
8:42 of 1st period - Shot by Rod Brind'Amour.
8:42 of 1st period - Goal by Justin Williams.
8:43 of 1st period - Tyler Arnason wins face-off versus Eric Staal in neutral zone.
8:52 of 1st period - Shot by Alexander Frolov.
8:52 of 1st period - Stopped by Cam Ward without a rebound.
8:53 of 1st period - Pierre Turgeon wins face-off versus Rod Brind'Amour in Hurricanes zone.
9:17 of 1st period - Icing by David Tanabe.
9:18 of 1st period - Rod Brind'Amour wins face-off versus Joe Sakic in Hurricanes zone.
9:24 of 1st period - Off-side.
9:25 of 1st period - Tyler Arnason wins face-off versus Eric Staal in neutral zone.
9:36 of 1st period - Shot by Erik Cole.
9:36 of 1st period - Stopped by Peter Budaj with a rebound.
9:37 of 1st period - Shot by Eric Staal.
9:37 of 1st period - Stopped by Peter Budaj without a rebound.
9:38 of 1st period - Joe Sakic wins face-off versus Jeff Halpern in Avalanche zone.
9:48 of 1st period - Icing by Tim Gleason.
9:49 of 1st period - Jeff Halpern wins face-off versus Tyler Arnason in Hurricanes zone.
10:02 of 1st period - Shot by Tyler Arnason.
10:02 of 1st period - Shot Blocked by Tim Gleason.
10:09 of 1st period - Shot by Jeff Halpern.
10:09 of 1st period - Stopped by Peter Budaj without a rebound.
10:10 of 1st period - Joe Sakic wins face-off versus Eric Staal in Avalanche zone.
10:33 of 1st period - Shot by Erik Cole.
10:33 of 1st period - Stopped by Peter Budaj without a rebound.
10:34 of 1st period - Rod Brind'Amour wins face-off versus Alexander Frolov in Avalanche zone.
10:39 of 1st period - Shot by Rod Brind'Amour.
10:39 of 1st period - Shot Blocked by Karlis Skrastins.
10:39 of 1st period - Minor Penalty to John-Michael Liles for Tripping.
10:40 of 1st period - Rod Brind'Amour wins face-off versus Brett McLean in Avalanche zone.
10:53 of 1st period - Shot by Justin Williams.
10:53 of 1st period - Shot Blocked by Karlis Skrastins.
11:54 of 1st period - Shot by Eric Staal.
11:54 of 1st period - Stopped by Peter Budaj without a rebound.
11:55 of 1st period - Brett McLean wins face-off versus Eric Staal in Avalanche zone.
12:16 of 1st period - Shot by Erik Cole.
12:16 of 1st period - Stopped by Peter Budaj without a rebound.
12:17 of 1st period - Rod Brind'Amour wins face-off versus Joe Sakic in Avalanche zone.
12:45 of 1st period - Icing by Pierre Turgeon.
12:46 of 1st period - Eric Belanger wins face-off versus Pierre Turgeon in Avalanche zone.
12:50 of 1st period - Icing by Ken Klee.
12:51 of 1st period - Pierre Turgeon wins face-off versus Eric Staal in Avalanche zone.
12:56 of 1st period - Shot by Andrew Brunette.
12:56 of 1st period - Stopped by Cam Ward with a rebound.
13:05 of 1st period - Shot by Andrew Brunette.
13:05 of 1st period - Goal by Andrew Brunette.
13:06 of 1st period - Jeff Halpern wins face-off versus Alexander Frolov in neutral zone.
13:20 of 1st period - Minor Penalty to Scott Walker for Charging.
13:21 of 1st period - Jeff Halpern wins face-off versus Joe Sakic in Hurricanes zone.
14:32 of 1st period - Shot by Mike York.
14:32 of 1st period - Shot Misses the Net.
14:59 of 1st period - Shot by Marek Svatos.
14:59 of 1st period - Stopped by Cam Ward with a rebound.
15:04 of 1st period - Shot by Tyler Arnason.
15:04 of 1st period - Shot Blocked by Brent Sopel.
15:27 of 1st period - Shot by Andrew Brunette.
15:27 of 1st period - Stopped by Cam Ward without a rebound.
15:28 of 1st period - Pierre Turgeon wins face-off versus Rod Brind'Amour in Hurricanes zone.
15:29 of 1st period - Shot by Andrew Brunette.
15:29 of 1st period - Stopped by Cam Ward with a rebound.
16:32 of 1st period - Shot by Cory Stillman.
16:32 of 1st period - Stopped by Peter Budaj without a rebound.
16:33 of 1st period - Joe Sakic wins face-off versus Jeff Halpern in Avalanche zone.
16:42 of 1st period - Shot by Joe Sakic.
16:42 of 1st period - Shot Misses the Net.
16:45 of 1st period - Shot by Mike York.
16:45 of 1st period - Shot Misses the Net.
17:08 of 1st period - Shot by Marek Svatos.
17:08 of 1st period - Stopped by Cam Ward without a rebound.
17:09 of 1st period - Eric Staal wins face-off versus Tyler Arnason in Hurricanes zone.
17:18 of 1st period - Shot by Eric Staal.
17:18 of 1st period - Shot Misses the Net.
18:23 of 1st period - Shot by Justin Williams.
18:23 of 1st period - Stopped by Peter Budaj with a rebound.
18:24 of 1st period - Shot by David Tanabe.
18:24 of 1st period - Shot Blocked by Ken Klee.
18:29 of 1st period - Shot by Martin Havlat.
18:29 of 1st period - Stopped by Peter Budaj with a rebound.
18:30 of 1st period - Shot by David Tanabe.
18:30 of 1st period - Shot Blocked by Ossi Vaananen.
18:31 of 1st period - Shot by Martin Havlat.
18:31 of 1st period - Shot Misses the Net.
18:34 of 1st period - Shot by Justin Williams.
18:34 of 1st period - Shot Blocked by Ossi Vaananen.
18:35 of 1st period - Shot by Rod Brind'Amour.
18:35 of 1st period - Shot Misses the Net.
18:40 of 1st period - Shot by Martin Havlat.
18:40 of 1st period - Stopped by Peter Budaj with a rebound.
18:43 of 1st period - Shot by Justin Williams.
18:43 of 1st period - Stopped by Peter Budaj with a rebound.
18:48 of 1st period - Shot by Martin Havlat.
18:48 of 1st period - Shot Misses the Net.
19:02 of 1st period - Icing by Pierre Turgeon.
19:03 of 1st period - Pierre Turgeon wins face-off versus Jeff Halpern in Avalanche zone.
19:24 of 1st period - Shot by Ray Whitney.
19:24 of 1st period - Shot Blocked by Alexei Zhitnik.

Period #2

0:01 of 2nd period - Eric Staal wins face-off versus Joe Sakic in neutral zone.
0:05 of 2nd period - Minor Penalty to Alexei Zhitnik for High sticking.
0:06 of 2nd period - Brett McLean wins face-off versus Rod Brind'Amour in Avalanche zone.
0:13 of 2nd period - Shot by Martin Havlat.
0:13 of 2nd period - Stopped by Peter Budaj with a rebound.
1:48 of 2nd period - Shot by Eric Staal.
1:48 of 2nd period - Goal by Erik Cole.
1:49 of 2nd period - Ray Whitney wins face-off versus Pierre Turgeon in neutral zone.
1:53 of 2nd period - Jeff Halpern is hit by Ian Laperriere and loses puck.
2:03 of 2nd period - Shot by Jeff Halpern.
2:03 of 2nd period - Stopped by Peter Budaj with a rebound.
3:32 of 2nd period - Shot by Milan Hejduk.
3:32 of 2nd period - Shot Misses the Net.
4:11 of 2nd period - Shot by Tyler Arnason.
4:11 of 2nd period - Stopped by Cam Ward without a rebound.
4:12 of 2nd period - Pierre Turgeon wins face-off versus Eric Staal in Hurricanes zone.
4:13 of 2nd period - Shot by Andrew Brunette.
4:13 of 2nd period - Shot Blocked by Cory Stillman.
4:18 of 2nd period - Shot by Eric Staal.
4:18 of 2nd period - Stopped by Peter Budaj with a rebound.
4:21 of 2nd period - Shot by Eric Staal.
4:21 of 2nd period - Shot Misses the Net.
4:22 of 2nd period - Shot by Eric Staal.
4:22 of 2nd period - Stopped by Peter Budaj with a rebound.
4:23 of 2nd period - Shot by Erik Cole.
4:23 of 2nd period - Shot Blocked by Andrew Brunette.
4:24 of 2nd period - Shot by Frantisek Kaberle.
4:24 of 2nd period - Stopped by Peter Budaj without a rebound.
4:25 of 2nd period - Eric Staal wins face-off versus Brett McLean in Avalanche zone.
4:34 of 2nd period - Shot by Eric Staal.
4:34 of 2nd period - Shot Misses the Net.
4:45 of 2nd period - Shot by Wojtek Wolski.
4:45 of 2nd period - Shot Blocked by Erik Cole.
5:28 of 2nd period - Shot by Pierre Turgeon.
5:28 of 2nd period - Shot Misses the Net.
5:56 of 2nd period - Off-side.
5:57 of 2nd period - Rod Brind'Amour wins face-off versus Joe Sakic in neutral zone.
6:34 of 2nd period - Shot by Marek Svatos.
6:34 of 2nd period - Shot Misses the Net.
6:35 of 2nd period - Shot by Jordan Leopold.
6:35 of 2nd period - Shot Misses the Net.
6:36 of 2nd period - Shot by Alexei Zhitnik.
6:36 of 2nd period - Shot Blocked by David Tanabe.
6:49 of 2nd period - Shot by Milan Hejduk.
6:49 of 2nd period - Shot Misses the Net.
6:50 of 2nd period - Shot by John-Michael Liles.
6:50 of 2nd period - Stopped by Cam Ward with a rebound.
6:53 of 2nd period - Shot by Tyler Arnason.
6:53 of 2nd period - Stopped by Cam Ward without a rebound.
6:54 of 2nd period - Jeff Halpern wins face-off versus Tyler Arnason in Hurricanes zone.
7:07 of 2nd period - Shot by Ray Whitney.
7:07 of 2nd period - Stopped by Peter Budaj with a rebound.
8:06 of 2nd period - Shot by Erik Cole.
8:06 of 2nd period - Stopped by Peter Budaj with a rebound.
8:11 of 2nd period - Shot by Ian Laperriere.
8:11 of 2nd period - Stopped by Cam Ward without a rebound.
8:12 of 2nd period - Joe Sakic wins face-off versus Eric Belanger in Hurricanes zone.
8:13 of 2nd period - Shot by Marek Svatos.
8:13 of 2nd period - Stopped by Cam Ward without a rebound.
8:14 of 2nd period - Rod Brind'Amour wins face-off versus Joe Sakic in Hurricanes zone.
8:33 of 2nd period - Shot by Justin Williams.
8:33 of 2nd period - Stopped by Peter Budaj without a rebound.
8:34 of 2nd period - Pierre Turgeon wins face-off versus Eric Belanger in Avalanche zone.
8:38 of 2nd period - Off-side.
8:39 of 2nd period - Pierre Turgeon wins face-off versus Jeff Halpern in neutral zone.
8:51 of 2nd period - Ian Laperriere is hit by Ray Whitney and loses puck.
8:59 of 2nd period - Shot by Andrew Brunette.
8:59 of 2nd period - Stopped by Cam Ward with a rebound.
9:00 of 2nd period - Shot by Ossi Vaananen.
9:00 of 2nd period - Shot Misses the Net.
9:03 of 2nd period - Shot by Ian Laperriere.
9:03 of 2nd period - Shot Blocked by Glen Wesley.
9:20 of 2nd period - Shot by Scott Walker.
9:20 of 2nd period - Stopped by Peter Budaj without a rebound.
9:21 of 2nd period - Eric Staal wins face-off versus Joe Sakic in Avalanche zone.
9:38 of 2nd period - Shot by Cory Stillman.
9:38 of 2nd period - Shot Blocked by Alexei Zhitnik.
9:45 of 2nd period - Shot by Eric Staal.
9:45 of 2nd period - Shot Misses the Net.
9:50 of 2nd period - Shot by Cory Stillman.
9:50 of 2nd period - Shot Blocked by Alexei Zhitnik.
9:51 of 2nd period - Shot by Brent Sopel.
9:51 of 2nd period - Stopped by Peter Budaj without a rebound.
9:52 of 2nd period - Tyler Arnason wins face-off versus Rod Brind'Amour in Avalanche zone.
9:56 of 2nd period - Minor Penalty to John-Michael Liles for Charging.
9:56 of 2nd period - Minor Penalty to Rod Brind'Amour for Roughing.
9:57 of 2nd period - Joe Sakic wins face-off versus Jeff Halpern in neutral zone.
10:08 of 2nd period - Shot by Erik Cole.
10:08 of 2nd period - Shot Misses the Net.
10:11 of 2nd period - Shot by Jeff Halpern.
10:11 of 2nd period - Shot Misses the Net.
10:16 of 2nd period - Shot by David Tanabe.
10:16 of 2nd period - Stopped by Peter Budaj without a rebound.
10:17 of 2nd period - Eric Staal wins face-off versus Mike York in Avalanche zone.
10:28 of 2nd period - Shot by Eric Staal.
10:28 of 2nd period - Shot Misses the Net.
11:56 of 2nd period - Icing by Cory Stillman.
11:57 of 2nd period - Rod Brind'Amour wins face-off versus Tyler Arnason in Hurricanes zone.
11:59 of 2nd period - Icing by David Tanabe.
12:00 of 2nd period - Rod Brind'Amour wins face-off versus Pierre Turgeon in Hurricanes zone.
12:49 of 2nd period - Shot by Justin Williams.
12:49 of 2nd period - Stopped by Peter Budaj without a rebound.
12:50 of 2nd period - Brett McLean wins face-off versus Jeff Halpern in Avalanche zone.
12:54 of 2nd period - Wojtek Wolski is hit by Tim Gleason and loses puck.
13:33 of 2nd period - Minor Penalty to Tim Gleason for Cross-checking.
13:34 of 2nd period - Tyler Arnason wins face-off versus Rod Brind'Amour in Hurricanes zone.
13:48 of 2nd period - Icing by Jordan Leopold.
13:49 of 2nd period - Tyler Arnason wins face-off versus Jeff Halpern in Avalanche zone.
14:07 of 2nd period - Icing by Jordan Leopold.
14:08 of 2nd period - Tyler Arnason wins face-off versus Rod Brind'Amour in Avalanche zone.
14:44 of 2nd period - Icing by Alexei Zhitnik.
14:45 of 2nd period - Joe Sakic wins face-off versus Jeff Halpern in Avalanche zone.
15:00 of 2nd period - Shot by Milan Hejduk.
15:00 of 2nd period - Stopped by Cam Ward with a rebound.
15:05 of 2nd period - Shot by Milan Hejduk.
15:05 of 2nd period - Shot Misses the Net.
15:06 of 2nd period - Shot by Joe Sakic.
15:06 of 2nd period - Shot Misses the Net.
15:07 of 2nd period - Shot by John-Michael Liles.
15:07 of 2nd period - Stopped by Cam Ward without a rebound.
15:08 of 2nd period - Wojtek Wolski wins face-off versus Jeff Halpern in Hurricanes zone.
15:15 of 2nd period - Shot by Milan Hejduk.
15:15 of 2nd period - Stopped by Cam Ward with a rebound.
15:31 of 2nd period - Minor Penalty to John-Michael Liles for Cross-checking.
15:32 of 2nd period - Mike York wins face-off versus Rod Brind'Amour in Avalanche zone.
15:59 of 2nd period - Shot by Rod Brind'Amour.
15:59 of 2nd period - Stopped by Peter Budaj with a rebound.
16:02 of 2nd period - Shot by David Tanabe.
16:02 of 2nd period - Stopped by Peter Budaj without a rebound.
16:03 of 2nd period - Erik Cole wins face-off versus Joe Sakic in Avalanche zone.
16:36 of 2nd period - Shot by Eric Staal.
16:36 of 2nd period - Shot Misses the Net.
16:39 of 2nd period - Shot by Brent Sopel.
16:39 of 2nd period - Stopped by Peter Budaj without a rebound.
16:40 of 2nd period - Rod Brind'Amour wins face-off versus Joe Sakic in Avalanche zone.
17:11 of 2nd period - Shot by Rod Brind'Amour.
17:11 of 2nd period - Stopped by Peter Budaj with a rebound.
17:12 of 2nd period - Shot by David Tanabe.
17:12 of 2nd period - Shot Misses the Net.
17:39 of 2nd period - Shot by Pierre Turgeon.
17:39 of 2nd period - Shot Misses the Net.
17:53 of 2nd period - Minor Penalty to Jeff Halpern for Roughing.
17:54 of 2nd period - Shawn Bates wins face-off versus Tyler Arnason in Avalanche zone.
18:01 of 2nd period - Shot by Marek Svatos.
18:01 of 2nd period - Shot Blocked by Brent Sopel.
18:02 of 2nd period - Shot by Jordan Leopold.
18:02 of 2nd period - Shot Misses the Net.
18:07 of 2nd period - Shot by Tyler Arnason.
18:07 of 2nd period - Stopped by Cam Ward with a rebound.
18:12 of 2nd period - Shot by Marek Svatos.
18:12 of 2nd period - Shot Hit the Post.
18:15 of 2nd period - Shot by Tyler Arnason.
18:15 of 2nd period - Shot Misses the Net.
18:18 of 2nd period - Shot by Tyler Arnason.
18:18 of 2nd period - Stopped by Cam Ward with a rebound.
18:29 of 2nd period - Shot by Tyler Arnason.
18:29 of 2nd period - Shot Blocked by Shawn Bates.

Period #3

0:01 of 3rd period - Eric Staal wins face-off versus Joe Sakic in neutral zone.
0:28 of 3rd period - Shot by Mike York.
0:28 of 3rd period - Stopped by Cam Ward with a rebound.
0:31 of 3rd period - Shot by Marek Svatos.
0:31 of 3rd period - Shot Blocked by Cory Stillman.
0:32 of 3rd period - Shot by Mike York.
0:32 of 3rd period - Stopped by Cam Ward with a rebound.
0:35 of 3rd period - Shot by Mike York.
0:35 of 3rd period - Shot Blocked by Frantisek Kaberle.
0:36 of 3rd period - Shot by Jordan Leopold.
0:36 of 3rd period - Stopped by Cam Ward without a rebound.
0:36 of 3rd period - Minor Penalty to Cam Ward for Slashing.
0:37 of 3rd period - Rod Brind'Amour wins face-off versus Joe Sakic in Hurricanes zone.
3:06 of 3rd period - Shot by Ian Laperriere.
3:06 of 3rd period - Shot Misses the Net.
3:11 of 3rd period - Shot by Pierre Turgeon.
3:11 of 3rd period - Stopped by Cam Ward with a rebound.
3:14 of 3rd period - Shot by Andrew Brunette.
3:14 of 3rd period - Stopped by Cam Ward without a rebound.
3:15 of 3rd period - Jeff Halpern wins face-off versus Brett McLean in Hurricanes zone.
3:56 of 3rd period - Shot by Brett McLean.
3:56 of 3rd period - Stopped by Cam Ward with a rebound.
4:43 of 3rd period - Shot by Marek Svatos.
4:43 of 3rd period - Shot Misses the Net.
4:44 of 3rd period - Shot by Marek Svatos.
4:44 of 3rd period - Stopped by Cam Ward without a rebound.
4:45 of 3rd period - Pierre Turgeon wins face-off versus Rod Brind'Amour in Hurricanes zone.
4:46 of 3rd period - Shot by Andrew Brunette.
4:46 of 3rd period - Stopped by Cam Ward without a rebound.
4:47 of 3rd period - Pierre Turgeon wins face-off versus Rod Brind'Amour in Hurricanes zone.
4:50 of 3rd period - Shot by Ian Laperriere.
4:50 of 3rd period - Stopped by Cam Ward without a rebound.
4:51 of 3rd period - Martin Havlat wins face-off versus Pierre Turgeon in Hurricanes zone.
5:08 of 3rd period - Shot by Rod Brind'Amour.
5:08 of 3rd period - Stopped by Peter Budaj without a rebound.
5:09 of 3rd period - Tyler Arnason wins face-off versus Eric Staal in Avalanche zone.
5:18 of 3rd period - Shot by Alexander Frolov.
5:18 of 3rd period - Stopped by Cam Ward with a rebound.
5:32 of 3rd period - Minor Penalty to Erik Cole for Cross-checking.
5:33 of 3rd period - Rod Brind'Amour wins face-off versus Tyler Arnason in Hurricanes zone.
6:07 of 3rd period - Off-side.
6:08 of 3rd period - Joe Sakic wins face-off versus Rod Brind'Amour in neutral zone.
6:37 of 3rd period - Shot by Joe Sakic.
6:37 of 3rd period - Shot Misses the Net.
7:05 of 3rd period - Shawn Bates is hit by Jordan Leopold and loses puck.
7:10 of 3rd period - Off-side.
7:11 of 3rd period - Tyler Arnason wins face-off versus Jeff Halpern in neutral zone.
7:38 of 3rd period - Shot by Ian Laperriere.
7:38 of 3rd period - Shot Misses the Net.
7:43 of 3rd period - Shot by Martin Havlat.
7:43 of 3rd period - Shot Blocked by Ken Klee.
8:08 of 3rd period - Shot by Martin Havlat.
8:08 of 3rd period - Shot Misses the Net.
8:11 of 3rd period - Shot by David Tanabe.
8:11 of 3rd period - Stopped by Peter Budaj without a rebound.
8:12 of 3rd period - Joe Sakic wins face-off versus Eric Staal in Avalanche zone.
8:23 of 3rd period - Shot by Frantisek Kaberle.
8:23 of 3rd period - Stopped by Peter Budaj with a rebound.
8:26 of 3rd period - Shot by Cory Stillman.
8:26 of 3rd period - Shot Misses the Net.
8:27 of 3rd period - Shot by Eric Staal.
8:27 of 3rd period - Stopped by Peter Budaj with a rebound.
8:28 of 3rd period - Shot by Frantisek Kaberle.
8:28 of 3rd period - Shot Blocked by Jordan Leopold.
8:52 of 3rd period - Cory Stillman is hit by Alexei Zhitnik and loses puck.
9:23 of 3rd period - Off-side.
9:24 of 3rd period - Pierre Turgeon wins face-off versus Rod Brind'Amour in neutral zone.
9:24 of 3rd period - Ossi Vaananen is hit by Justin Williams and loses puck.
10:19 of 3rd period - Icing by David Tanabe.
10:20 of 3rd period - Tyler Arnason wins face-off versus Rod Brind'Amour in Hurricanes zone.
10:54 of 3rd period - Jeff Halpern is hit by Milan Hejduk and loses puck.
10:55 of 3rd period - Minor Penalty to Tim Gleason for Cross-checking.
10:56 of 3rd period - Rod Brind'Amour wins face-off versus Joe Sakic in neutral zone.
11:21 of 3rd period - Shot by Wojtek Wolski.
11:21 of 3rd period - Stopped by Cam Ward without a rebound.
11:22 of 3rd period - Tyler Arnason wins face-off versus Jeff Halpern in Hurricanes zone.
11:23 of 3rd period - Shot by Marek Svatos.
11:23 of 3rd period - Shot Blocked by Bret Hedican.
11:24 of 3rd period - Shot by Karlis Skrastins.
11:24 of 3rd period - Shot Misses the Net.
11:33 of 3rd period - Shot by Mike York.
11:33 of 3rd period - Shot Blocked by Bret Hedican.
11:54 of 3rd period - Shot by Mike York.
11:54 of 3rd period - Shot Misses the Net.
11:55 of 3rd period - Shot by Mike York.
11:55 of 3rd period - Shot Blocked by Shawn Bates.
12:00 of 3rd period - Shot by Marek Svatos.
12:00 of 3rd period - Shot Blocked by Shawn Bates.
12:05 of 3rd period - Shot by Mike York.
12:05 of 3rd period - Shot Misses the Net.
12:22 of 3rd period - Shot by Joe Sakic.
12:22 of 3rd period - Shot Misses the Net.
12:23 of 3rd period - Shot by John-Michael Liles.
12:23 of 3rd period - Stopped by Cam Ward without a rebound.
12:24 of 3rd period - Joe Sakic wins face-off versus Jeff Halpern in Hurricanes zone.
12:53 of 3rd period - Shot by Wojtek Wolski.
12:53 of 3rd period - Stopped by Cam Ward without a rebound.
12:54 of 3rd period - Jeff Halpern wins face-off versus Tyler Arnason in Hurricanes zone.
12:58 of 3rd period - Icing by Ray Whitney.
12:59 of 3rd period - Pierre Turgeon wins face-off versus Eric Staal in Hurricanes zone.
13:00 of 3rd period - Shot by Ian Laperriere.
13:00 of 3rd period - Stopped by Cam Ward without a rebound.
13:01 of 3rd period - Eric Belanger wins face-off versus Andrew Brunette in Hurricanes zone.
13:30 of 3rd period - Shot by Pierre Turgeon.
13:30 of 3rd period - Stopped by Cam Ward with a rebound.
13:35 of 3rd period - Shot by Scott Walker.
13:35 of 3rd period - Stopped by Peter Budaj without a rebound.
13:36 of 3rd period - Jeff Halpern wins face-off versus Brett McLean in Avalanche zone.
13:41 of 3rd period - Shot by Ray Whitney.
13:41 of 3rd period - Stopped by Peter Budaj with a rebound.
14:04 of 3rd period - Shot by Brett McLean.
14:04 of 3rd period - Stopped by Cam Ward without a rebound.
14:05 of 3rd period - Rod Brind'Amour wins face-off versus Joe Sakic in Hurricanes zone.
14:19 of 3rd period - Off-side.
14:20 of 3rd period - Eric Staal wins face-off versus Pierre Turgeon in neutral zone.
14:24 of 3rd period - Off-side.
14:25 of 3rd period - Pierre Turgeon wins face-off versus Rod Brind'Amour in neutral zone.
14:30 of 3rd period - Shot by Ian Laperriere.
14:30 of 3rd period - Stopped by Cam Ward with a rebound.
14:33 of 3rd period - Shot by Pierre Turgeon.
14:33 of 3rd period - Shot Misses the Net.
14:38 of 3rd period - Shot by Ian Laperriere.
14:38 of 3rd period - Shot Blocked by David Tanabe.
14:41 of 3rd period - Shot by Ian Laperriere.
14:41 of 3rd period - Shot Blocked by Martin Havlat.
14:46 of 3rd period - Shot by Pierre Turgeon.
14:46 of 3rd period - Shot Blocked by David Tanabe.
14:49 of 3rd period - Shot by Ian Laperriere.
14:49 of 3rd period - Shot Misses the Net.
15:39 of 3rd period - Icing by Karlis Skrastins.
15:40 of 3rd period - Eric Staal wins face-off versus Milan Hejduk in Avalanche zone.
15:45 of 3rd period - Shot by Erik Cole.
15:45 of 3rd period - Shot Misses the Net.
16:00 of 3rd period - Shot by Eric Staal.
16:00 of 3rd period - Stopped by Peter Budaj without a rebound.
16:01 of 3rd period - Jeff Halpern wins face-off versus Joe Sakic in Avalanche zone.
16:22 of 3rd period - Shot by Jeff Halpern.
16:22 of 3rd period - Stopped by Peter Budaj with a rebound.
16:25 of 3rd period - Shot by Jeff Halpern.
16:25 of 3rd period - Shot Misses the Net.
16:26 of 3rd period - Shot by Glen Wesley.
16:26 of 3rd period - Stopped by Peter Budaj without a rebound.
16:27 of 3rd period - Pierre Turgeon wins face-off versus Eric Staal in Avalanche zone.
16:32 of 3rd period - Shot by Ian Laperriere.
16:32 of 3rd period - Goal by Ian Laperriere.
16:33 of 3rd period - Eric Staal wins face-off versus Brett McLean in neutral zone.
16:36 of 3rd period - Shot by Cory Stillman.
16:36 of 3rd period - Stopped by Peter Budaj with a rebound.
16:50 of 3rd period - Icing by Erik Cole.
16:51 of 3rd period - Andrew Brunette wins face-off versus Eric Staal in Hurricanes zone.
16:52 of 3rd period - Shot by Ian Laperriere.
16:52 of 3rd period - Shot Hit the Post.
17:04 of 3rd period - Minor Penalty to Ian Laperriere for Tripping.
17:04 of 3rd period - Minor Penalty to Brent Sopel for Delaying the game.
17:05 of 3rd period - Rod Brind'Amour wins face-off versus Joe Sakic in neutral zone.
17:08 of 3rd period - Shot by Erik Cole.
17:08 of 3rd period - Shot Blocked by Joe Sakic.
17:11 of 3rd period - Shot by Erik Cole.
17:11 of 3rd period - Shot Blocked by Alexei Zhitnik.
17:14 of 3rd period - Shot by Erik Cole.
17:14 of 3rd period - Shot Blocked by Joe Sakic.
17:19 of 3rd period - Shot by Erik Cole.
17:19 of 3rd period - Shot Misses the Net.
17:20 of 3rd period - Shot by Tim Gleason.
17:20 of 3rd period - Shot Misses the Net.
17:23 of 3rd period - Shot by Erik Cole.
17:23 of 3rd period - Shot Misses the Net.
17:26 of 3rd period - Shot by Erik Cole.
17:26 of 3rd period - Stopped by Peter Budaj without a rebound.
17:27 of 3rd period - Mike York wins face-off versus Eric Staal in Avalanche zone.
18:02 of 3rd period - Shot by Cory Stillman.
18:02 of 3rd period - Shot Misses the Net.
18:32 of 3rd period - Icing by Alexei Zhitnik.
18:33 of 3rd period - Joe Sakic wins face-off versus Rod Brind'Amour in Avalanche zone.
18:39 of 3rd period - Off-side.
18:40 of 3rd period - Rod Brind'Amour wins face-off versus Joe Sakic in neutral zone.
18:51 of 3rd period - Shot by Erik Cole.
18:51 of 3rd period - Stopped by Peter Budaj without a rebound.
18:52 of 3rd period - Joe Sakic wins face-off versus Cory Stillman in Avalanche zone.
19:17 of 3rd period - Shot by Jeff Halpern.
19:17 of 3rd period - Shot Misses the Net.
19:18 of 3rd period - Shot by Glen Wesley.
19:18 of 3rd period - Shot Blocked by Ken Klee.
19:19 of 3rd period - Shot by Glen Wesley.
19:19 of 3rd period - Shot Blocked by Ian Laperriere.
19:22 of 3rd period - Shot by Scott Walker.
19:22 of 3rd period - Shot Misses the Net.
19:27 of 3rd period - Shot by Jeff Halpern.
19:27 of 3rd period - Stopped by Peter Budaj without a rebound.
19:28 of 3rd period - Rod Brind'Amour wins face-off versus Wojtek Wolski in Avalanche zone.
19:41 of 3rd period - Shot by Wojtek Wolski.
19:41 of 3rd period - Shot Blocked by David Tanabe.
19:46 of 3rd period - Shot by Rod Brind'Amour.
19:46 of 3rd period - Shot Misses the Net.
19:49 of 3rd period - Shot by Justin Williams.
19:49 of 3rd period - Stopped by Peter Budaj without a rebound.
19:50 of 3rd period - Eric Staal wins face-off versus Joe Sakic in Avalanche zone.
19:55 of 3rd period - Shot by Erik Cole.
19:55 of 3rd period - Shot Misses the Net.


Output by the STHS for Stephane Roy -- Original Page W3C XHTML 1.0 Valid